cohdb
Replays
Latest Replays
All Replays
Popular Replays
Top Player Replays
Match Explorer
How It Works
Community
CoH3 Stats
Reddit
Sign in to upload your games and track your stats! →
Sign in with Steam
Match 28154787
Unlisted
Match 28154787
Overview
Messages
Build Orders
End
Construct Barracks
Riflemen Squad
1⁄4-ton 4x4 Truck
Selects Armored Battlegroup
Selects Veteran Crews
Riflemen Squad
M1 Mortar Team
Infantry Support Center
Selects Strength in Steel
Construct Motor Pool
Engineer Squad
M8 Greyhound Armored Car
M1 Anti-tank Gun Team
Construct Medical Station
M1918 Browning Automatic Rifles
Selects Seek and Destroy
Selects UNKNOWN (2160077)
Riflemen Squad
Construct Tank Depot
Grenade Package
M1 Anti-tank Gun Team
Selects Field Repairs
Selects War Machine
Engineer Squad
Captain Retinue
Mortar Pit
M4A3E8 Sherman Easy Eight
Captain Retinue
Riflemen Squad
M4A3E8 Sherman Easy Eight
M4A3E8 Sherman Easy Eight
M1 Mortar Team
Scout Squad
Joo Shiyoung
Wrathment
0
0
Comments
sign in to comment!
No comments posted yet!